 Dungeon Crawl Stone Soup version 0.31.0-32-g396128a36d (webtiles) character file.

Game seed: 18312910489520599315

1955 Curundu the Cleaver (level 8, -2/97 (105) HPs)
             Began as a Minotaur Berserker on Apr 13, 2024.
             Was a Believer of Trog.
             Slain by a wight
             ... wielding a +2 scimitar
              (7 damage)
             ... on level 6 of the Dungeon.
             The game lasted 00:11:04 (4567 turns).

Curundu the Cleaver (Minotaur Berserker)            Turns: 4567, Time: 00:11:04

HP:   -2/97 (105)   AC: 24    Str: 24    XL:     8   Next: 99%
MP:   7/7           EV:  2    Int:  4    God:    Trog [**....]
Gold: 274           SH:  0    Dex: 10    Spells: 7/7 levels left

rFire   . . .        a - +0 hand axe (freeze)
rCold   . . .        (no shield)
rNeg    . . .        f - melded +0 chain mail
rPois   +            (helmet currently unavailable)
rElec   .            (cloak currently unavailable)
rCorr   .            e - melded +0 pair of gloves
SInv    .            (boots currently unavailable)
Will    .....        (no amulet)
Stlth   +            (no ring)
HPRegen 0.36/turn    (no ring)
MPRegen 0.10/turn

%: no passive effects
@: tree-form, on berserk cooldown, slowed, drained, very slow
A: stationary, stasis, torment immunity, boosted hp, (horns 2), (retaliatory
headbutt)
a: Renounce Religion, Berserk, Trog's Hand


You were on level 6 of the Dungeon.
You worshipped Trog.
Trog was pleased with you.
You were a tree.
You visited 1 branch of the dungeon, and saw 6 of its levels.

You collected 274 gold pieces.

Inventory:

Hand Weapons
 a - a +0 hand axe of freezing (weapon)
Missiles
 n - 6 javelins
 q - 9 boomerangs (quivered)
 s - a throwing net
Armour
 e - a +0 pair of gloves (melded)
 f - a +0 chain mail (melded)
Jewellery
 c - a ring of ice
Wands
 m - a wand of flame (18)
 o - a wand of paralysis (7)
Scrolls
 b - a scroll of amnesia
 d - 2 scrolls of vulnerability
 g - a scroll of immolation
 h - a scroll of blinking {unknown}
 i - a scroll of teleportation {unknown}
 l - a scroll of identify
Potions
 j - a potion of lignification
 k - a potion of resistance
 p - 2 potions of heal wounds {unknown}
 r - a potion of curing {unknown}


   Skills:
 + Level 6.0 Fighting
 + Level 9.5 Axes
 + Level 9.4 Armour
 + Level 3.7 Dodging
 + Level 0.4 Stealth


You had 7 spell levels left.
You didn't know any spells.
Your spell library was empty.

Dungeon Overview and Level Annotations

Branches:
Dungeon (6/15)             Temple (0/1) D:4

Altars:
Elyvilon
Makhleb
Uskayaw
The Shining One

Shops:
D:5 **


Innate Abilities, Weirdness & Mutations

You are a tree.
Your roots penetrate the ground, keeping you stationary.
You cannot be teleported.
You are immune to unholy pain and torment.
Your maximum health is greatly increased.
Your equipment is partially melded.
((You have a pair of horns on your head.))
((You reflexively headbutt those who attack you in melee.))


Message History

The wight hits you but does no damage.
You hit the wight but do no damage.
The wight is moderately damaged.
The wight hits you with a +2 scimitar.
* * * LOW HITPOINT WARNING * * *
You hit the wight.
The wight is heavily damaged.
The wight hits you with a +2 scimitar.
* * * LOW HITPOINT WARNING * * *
The wight hits you with a +2 scimitar.
* * * LOW HITPOINT WARNING * * *
You closely miss the wight.
The wight is heavily damaged.
The wight hits you but does no damage.
You hit the wight but do no damage.
The wight is heavily damaged.
The wight hits you with a +2 scimitar.
* * * LOW HITPOINT WARNING * * *
You feel drained.
You hit the wight but do no damage.
The wight is heavily damaged.
The wight hits you with a +2 scimitar.
* * * LOW HITPOINT WARNING * * *
You feel drained.
You hit the wight.
The wight is severely damaged.
The wight hits you but does no damage.
You hit the wight.
The wight is almost destroyed.
The wight hits you but does no damage. x2
You hit the wight but do no damage.
The wight is almost destroyed.
The wight hits you with a +2 scimitar.
* * * LOW HITPOINT WARNING * * *
You feel drained.
* * * LOW HITPOINT WARNING * * *
You hit the wight.
The wight is almost destroyed.
The wight hits you with a +2 scimitar!
You die...

## ### . #.. #.#.# .
#.#.#####.K ...
#..).......
#....####.###
#..z♣)...# ##.###)#.#
# #.#.# #.###.#.#
#.....#.# #####...#
#. #.# #.#.# #...#.##
######'#.# #......
#........###..##.####


You could see a wight.

Vanquished Creatures
  A two-headed ogre (D:5)
  Menkaure (D:5)
  Duvessa (D:5)
  A water moccasin (D:6)
  An ice beast (D:5)
  2 ogres (D:5)
  3 scorpions
  2 wights (D:6)
  Dowan (D:5)
  2 jellies
  A bombardier beetle (D:4)
  An orc priest (D:5)
  3 iron imps (D:3)
  A sleepcap (D:3)
  3 iguanas
  4 adders
  3 gnolls (D:5)
  2 dart slugs
  2 ribbon worms
  8 orcs
  6 ball pythons
  14 endoplasms
  6 giant cockroaches
  10 hobgoblins
  4 kobolds
  2 quokkas (D:2)
  2 bats (D:1)
  5 frilled lizards
  7 goblins
  3 rats
102 creatures vanquished.

Notes
Turn   | Place    | Note
-------+----------+-------------------------------------------
     0 | D:1      | Curundu the Minotaur Berserker began the quest for the Orb.
     0 | D:1      | Reached XP level 1. HP: 19/19 MP: 0/0
   212 | D:1      | Reached XP level 2. HP: 27/27 MP: 1/1
   754 | D:2      | Reached XP level 3. HP: 23/34 MP: 2/2
   861 | D:2      | Found a faded altar of an unknown god.
   952 | D:2      | Reached ** piety under Trog
  1011 | D:2      | Identified the +4 mace of Mastery {distort, rC- Will+
                  | Dex+7}
  1025 | D:2      | Reached XP level 4. HP: 38/41 MP: 3/3
  1480 | D:3      | Found a glowing golden altar of the Shining One.
  1497 | D:3      | Reached skill level 5 in Axes
  1683 | D:3      | Found a hide-covered altar of Uskayaw.
  1698 | D:3      | Found a burning altar of Makhleb.
  1712 | D:3      | Reached XP level 5. HP: 47/47 MP: 4/4
  2368 | D:4      | Found a staircase to the Ecumenical Temple.
  2541 | D:4      | Reached XP level 6. HP: 55/55 MP: 5/5
  2739 | D:4      | Found a white marble altar of Elyvilon.
  2865 | D:5      | Entered Level 5 of the Dungeon
  3178 | D:5      | Reached skill level 5 in Fighting
  3249 | D:5      | Reached skill level 5 in Armour
  3330 | D:5      | Reached XP level 7. HP: 36/61 MP: 6/6
  3603 | D:5      | Noticed a two-headed ogre
  3615 | D:5      | Killed a two-headed ogre
  3616 | D:5      | Reached XP level 8. HP: 69/69 MP: 7/7
  3811 | D:5      | Noticed Duvessa
  3811 | D:5      | Noticed Dowan
  3816 | D:5      | Killed Duvessa
  3831 | D:5      | Killed Dowan
  4040 | D:5      | Found Ryehara's Specific Store.
  4041 | D:5      | Found Caaw's General Store.
  4208 | D:5      | Noticed Menkaure
  4215 | D:5      | Killed Menkaure
  4566 | D:6      | HP: 5/100 [wight/+2 scimitar (6)]
  4567 | D:6      | Slain by a wight

Illustrated notes

Levels and vault maps discovered:
D:1:      kilobyte_arrival_exit_the_forest, layout_rooms, minmay_surrounded
D:2:      cheibrodos_old_hovel, layout_rooms,
          hellmonk_ecumenical_altar_heavens_door
D:3:      layout_basic, mainiacjoe_overflow_chevrons, demons_altar,
          nicolae_uskayaw_murder_on_the_dancefloor
D:4:      layout_basic, lemuel_coloured_pillars_altar, temple_doors_ab,
          serial_glass, glass_columns_a, glass_columns_c, glass_columns_b,
          glass_columns_c
D:5:      dreamdust_elfheim, layout_loops_corners, nicolae_specific_store,
          uniq_menkaure
D:6:      layout_basic, fedhas_altar_1, enter_ossuary_2, gammafunk_ghost_arena,
          grunt_decor_one_mirror

Skill      XL: |  1  2  3  4  5  6  7  8 |
---------------+-------------------------+-----
Axes           | 4 5 6 8 9 |  9.5
Fighting       | 4 5 6 |  6.0
Armour         | 3 4 5 7 9 |  9.4
Dodging        | 3 |  3.7
Stealth        | |  0.4

Action                     |  1- 3 |  4- 6 |  7- 9 || total
---------------------------+-------+-------+-------++-------
  Melee: Hand axe          |    66 |   110 |    72 ||   248
         Headbutt          |     9 |    22 |    17 ||    48
         Punch             |     1 |     1 |     1 ||     3
 Invoke: Trog's Hand       |     1 |       |     3 ||     4
         Berserk           |       |     1 |     2 ||     3
    Use: Scroll            |       |    10 |       ||    10
         Potion            |       |       |     1 ||     1
 Armour: Animal skin       |    17 |       |       ||    17
         Chain mail        |    26 |    62 |    47 ||   135
         Skin              |       |       |    16 ||    16
  Dodge: Dodged            |    50 |    60 |    12 ||   122
